 Dungeon Crawl Stone Soup version 0.30-b1-2-g02819fbbbe (webtiles) character file.

Game seed: 12617474544308274418

1046 captivecurve the Cleaver (level 8, -4/69 HPs)
             Began as a Hill Orc Fighter on Jan 10, 2024.
             Was a Follower of Beogh.
             Engulfed by a steam dragon's steam (10 damage)
             ... on level 6 of the Dungeon.
             The game lasted 00:08:52 (5061 turns).

captivecurve the Cleaver (Hill Orc Fighter)         Turns: 5061, Time: 00:08:53

Health: -4/69      AC: 14    Str: 21    XL:     8   Next: 25%
Magic:  0/8        EV: 13    Int:  8    God:    Beogh [*.....]
Gold:   389        SH:  4    Dex: 10    Spells: 7/7 levels left

rFire   . . .        a - +0 war axe
rCold   . . .        c - +0 buckler
rNeg    . . .        j - +0 chain mail
rPois   .            (no helmet)
rElec   .            t - +2 cloak
rCorr   .            m - +0 pair of gloves
SInv    .            (no boots)
Will    +....        k - amulet of guardian spirit
Stlth   x              - +5 ring of evasion
HPRegen 0.31/turn    i - ring of willpower
MPRegen 0.11/turn

%: guardian spirit
@: no status effects
A: no striking features
a: Renounce Religion


You were on level 6 of the Dungeon.
You worshipped Beogh.
Beogh was aware of your devotion.
You visited 1 branch of the dungeon, and saw 6 of its levels.

You collected 389 gold pieces.

Inventory:

Hand Weapons
 a - a +0 war axe (weapon)
Missiles
 f - a throwing net (quivered)
Armour
 c - a +0 buckler (worn)
 j - a +0 chain mail (worn)
 m - a +0 pair of gloves (worn)
 t - a +2 cloak (worn)
Jewellery
 h - a ring of flight
 i - a ring of willpower (right hand)
 k - an amulet of guardian spirit (around neck)
 x - a +5 ring of evasion (left hand)
Wands
 s - a wand of paralysis (14)
 u - a wand of iceblast (4)
 v - a wand of digging (6)
Scrolls
 b - a scroll of poison {unknown}
 g - a scroll of fear
 l - 2 scrolls of teleportation
 q - 2 scrolls of enchant weapon
 w - a scroll of blinking {unknown}
 y - a scroll of magic mapping {unknown}
Potions
 d - a potion of degeneration {unknown}
 e - 2 potions of attraction {unknown}
 n - 3 potions of haste
 o - a potion of brilliance
 p - 3 potions of curing
 r - a potion of mutation {unknown}


   Skills:
 + Level 5.5 Fighting
 + Level 8.9 Axes
 + Level 6.0 Armour
 + Level 1.1 Dodging
 + Level 1.1 Stealth
 + Level 4.2 Shields


You had 7 spell levels left.
You didn't know any spells.
Your spell library contained the following spells:

 Spells                   Type           Power      Damage    Failure   Level
 Foxfire                  Conj/Fire      0%         2x1d4     97%         1
 Summon Small Mammal      Summ           0%         N/A       97%         1
 Call Canine Familiar     Summ           0%         N/A       100%        3
 Ignite Poison            Fire/Tmut/Pois 0%         N/A       100%        3
 Summon Guardian Golem    Hex/Summ       0%         N/A       100%        3
 Sticky Flame             Conj/Fire      0%         2d3       100%        4
 Fireball                 Conj/Fire      0%         3d3       100%        5
 Iskenderun's Battlesphe  Conj           0%         2d6       100%        5
 Conjure Ball Lightning   Conj/Air       0%         3x3d6     100%        6
 Plasma Beam              Fire/Air       0%         2x1d11    100%        6
 Starburst                Conj/Fire      0%         6d3       100%        6
 Orb of Destruction       Conj           0%         9d5       100%        7
 Ignition                 Fire           0%         3d3       100%        8


Dungeon Overview and Level Annotations

Branches:
Dungeon (6/15)             Temple (0/1) D:6

Altars:
Uskayaw

Shops:
D:4 :

Portals:
Abyss: D:4

Annotations:
D:4 2 transporters, Discosetron's ghost, weakling BaDe
D:6 2 runed translucent doors, Discosetron's ghost, novice BaHu


Message History

The steam dragon is lightly wounded.
You closely miss the bullfrog.
The bullfrog is engulfed in a cloud of scalding steam.
The bullfrog closely misses you.
The bullfrog is engulfed in a cloud of scalding steam.
You block the bullfrog's attack.
The steam dragon bites you but does no damage.
The steam dragon closely misses you.
You are too injured to fight recklessly!
Unknown command.
You are too injured to fight recklessly!
Unknown command.
You are too injured to fight recklessly!
You closely miss the bullfrog.
The bullfrog is severely wounded.
You hit the steam dragon but do no damage.
The bullfrog misses you.
The steam dragon bites you but does no damage.
The steam dragon claws you but does no damage.
You block the bullfrog's attack.
You slash the bullfrog!
You kill the bullfrog!
Beogh accepts your kill.
You closely miss the steam dragon. The steam dragon closely misses you.
You block the steam dragon's attack.
You hit the steam dragon but do no damage.
The steam dragon is lightly wounded.
You are engulfed in a cloud of scalding steam.
The steam dragon breathes steam at you. The ball of steam hits you!!
* * * LOW HITPOINT WARNING * * *
You closely miss the steam dragon.
The steam dragon is lightly wounded.
The steam dragon breathes steam at you. The ball of steam hits you!
* * * LOW HITPOINT WARNING * * *
You hit the steam dragon but do no damage.
The steam dragon is lightly wounded.
You are engulfed in a cloud of scalding steam.
You die...

#...........#
###.....^...##....#####
#.........##.........
#.........##...♣.....
#.........##......#.#
#.........##.♣...♣..#
#.........##........#
#########..#.†.<....#
##.#.@D.....#
#.).♣...♣...
####.......# #.♣....#
#.<##.# #.# # .# #


You could see a steam dragon (catching breath).

Vanquished Creatures
  Eustachio (D:6)
  Edmund (D:5)
  A centaur (D:6)
  A bullfrog (D:6)
  3 scorpions
  2 jellies
  2 orc priests
  2 hounds
  3 sleepcaps (D:5)
  An iguana (D:5)
  2 orc wizards (D:5)
  8 adders
  2 worms (D:3)
  3 dart slugs
  8 orcs
  5 ball pythons
  5 endoplasms
  3 giant cockroaches
  9 goblins
  9 hobgoblins
  4 jackals (D:2)
  6 quokkas
  3 bats
  5 frilled lizards
  4 kobolds
  9 rats
102 creatures vanquished.

Vanquished Creatures (others)
  A white imp (D:6)
  A dart slug (D:3)
  A bat (D:3)
3 creatures vanquished.

Grand Total: 105 creatures vanquished

Notes
Turn   | Place    | Note
-------+----------+-------------------------------------------
     0 | D:1      | captivecurve the Hill Orc Fighter began the quest for the
                  | Orb.
     0 | D:1      | Reached XP level 1. HP: 19/19 MP: 1/1
   163 | D:1      | Reached XP level 2. HP: 27/27 MP: 2/2
   188 | D:1      | Reached skill level 3 in Axes
   570 | D:1      | Found a faded altar of an unknown god.
   749 | D:2      | Reached XP level 3. HP: 33/33 MP: 3/3
  1249 | D:2      | Reached skill level 4 in Axes
  1249 | D:2      | Reached XP level 4. HP: 35/41 MP: 4/4
  1422 | D:3      | Became a worshipper of Beogh the Brigand
  2023 | D:4      | Reached XP level 5. HP: 45/47 MP: 5/5
  2039 | D:4      | Noticed a small abomination
  2113 | D:4      | Found Eloavam's Book Shoppe.
  2477 | D:4      | Found a transporter.
  2482 | D:4      | Found a one-way gate to the infinite horrors of the Abyss.
  2518 | D:4      | Found a transporter.
  2530 | D:4      | Noticed Discosetron's ghost (weakling BaDe)
  2572 | D:4      | Reached skill level 5 in Axes
  3084 | D:5      | Entered Level 5 of the Dungeon
  3297 | D:5      | Found a hide-covered altar of Uskayaw.
  3565 | D:5      | Reached skill level 6 in Axes
  3565 | D:5      | Reached XP level 6. HP: 53/53 MP: 6/6
  3861 | D:5      | Noticed Edmund
  3878 | D:5      | Killed Edmund
  4210 | D:5      | Reached XP level 7. HP: 59/59 MP: 7/7
  4247 | D:5      | Reached skill level 5 in Armour
  4351 | D:5      | Reached skill level 5 in Fighting
  4360 | D:5      | Reached * piety under Beogh
  4361 | D:5      | Reached skill level 7 in Axes
  4777 | D:6      | Found a runed translucent door.
  4781 | D:6      | Noticed Discosetron's ghost (novice BaHu)
  4789 | D:6      | Reached skill level 1 in Stealth
  4894 | D:6      | Reached skill level 8 in Axes
  4912 | D:6      | Found a runed translucent door.
  4943 | D:6      | Found a staircase to the Ecumenical Temple.
  4943 | D:6      | Noticed Eustachio
  4951 | D:6      | Reached XP level 8. HP: 68/68 MP: 8/8
  4995 | D:6      | Killed Eustachio
  4996 | D:6      | Reached skill level 1 in Dodging
  5061 | D:6      | Engulfed by a steam dragon's steam

Illustrated notes

Levels and vault maps discovered:
D:1:      dpeg_arrival_signposts, layout_basic,
          dilly_ecumenical_altar_fadedgnrine, minmay_split_cup_large
D:2:      cheibrodos_old_hovel, layout_rooms, corexii_shack
D:3:      minmay_recursive_quarters, layout_rooms, chequers_serial_rivers_marsh
D:4:      layout_layer_cave, gammafunk_ghost_abyssal_escape, serial_shops,
          nicolae_shop_pleasant_corner_grove, hangedman_decor_growths,
          grunt_decor_resistance, nrook_loot_triangle, grunt_decor_one_mirror,
          item_on_display_a
D:5:      layout_layer_cave, nicolae_uskayaw_dance_hall,
          nicolae_nh_ransacked_shop, uniq_edmund
D:6:      layout_basic, minmay_temple_entry_hall, serial_shops, shop,
          ebering_ghost_sewer_f, moated_statue, kennysheep_nub,
          corexii_item_surrounded_by_moat, grunt_ministairs_2, uniq_eustachio

Skill      XL: |  1  2  3  4  5  6  7  8 |
---------------+-------------------------+-----
Axes           | 3 4 6 8 |  8.9
Fighting       | 4 5 |  5.5
Armour         | 4 5 6 |  6.0
Shields        | 4 |  4.2
Stealth        | 1 |  1.1
Dodging        | 1 |  1.1

Action                     |  1- 3 |  4- 6 |  7- 9 || total
---------------------------+-------+-------+-------++-------
  Melee: War axe           |    93 |   141 |   131 ||   365
 Invoke: Convert to Beogh  |       |     1 |       ||     1
    Use: Scroll            |       |     7 |       ||     7
         Potion            |       |     3 |     2 ||     5
 Armour: Scale mail        |    44 |       |       ||    44
         Chain mail        |    14 |    73 |    70 ||   157
  Dodge: Dodged            |    51 |    73 |   110 ||   234
  Block: Buckler           |    18 |    23 |    29 ||    70
